Map: [ESL] Moondance

Players

ByuN - Winner!

  • Race: Terran Terran
  • Spawn Location: 6:00

MaxPax

  • Race: Protoss Protoss
  • Spawn Location: 12:00

VOD

Have the link to the VOD?

Description

Time

  • Played on: Nov. 5, 2022, 6:53 a.m.
  • Length: 6:25
Show
View Real Time Build Order
Export as new Build Order

ByuN Terran - Winner!

Build Orders:  

Get SALT Encoding   

  12  0:00  SCV  
  13  0:12  SCV  
  14  0:17  Supply Depot  
  14  0:24  SCV  
  15  0:38  SCV  
  15  0:39  Barracks  
  15  0:42  Refinery  
  16  0:50  SCV  
  17  0:58  Barracks  
  17  1:03  SCV  
  18  1:15  SCV  
  19  1:26  Reaper  
  19  1:27  Orbital Command  
  19  1:31  Supply Depot  
  20  1:42  Barracks  
  20  1:46  Barracks Reactor  
  20  1:53  SCV  
  21  2:03  Barracks Tech Lab  
  21  2:04  Refinery  
  21  2:05  SCV  
  22  2:16  Supply Depot  
  22  2:17  SCV  
  22  2:22  Concussive Shells, Marauder  
  25  2:23  Marine x2  
  25  2:29  SCV  
  28  2:30  Barracks Tech Lab  
  28  2:40  Supply Depot  
  28  2:44  Marauder  
  30  2:47  Marine x2  
  32  2:53  Stimpack  
  32  2:54  Marine  
  33  3:05  Marine x2  
  35  3:08  Marine  
  36  3:15  Marine  
  37  3:20  Supply Depot  
  37  3:22  SCV  
  37  3:24  Marine  
  37  3:25  Marine  
  37  3:26  Marine  
  41  3:27  Combat Shield  
  41  3:32  Marine  
  42  3:42  Marine  
  42  3:43  Marauder  
  42  3:47  Supply Depot, Marine  
  46  3:53  Marauder  
  47  4:04  Marauder  
  47  4:08  Marine  
  50  4:11  Marine  
  50  4:15  Marauder  
  51  4:25  Marine  
  51  4:26  Marine  
  51  4:29  Marine  
  54  4:36  Marine  
  55  4:44  Supply Depot, Marauder, Marine  
  58  4:47  Marine  
  57  4:53  Marine  
  57  5:02  Marine  
  57  5:04  Marine x2  
  60  5:12  Marauder  
  54  5:20  Marine  
  42  5:22  Marine x2  
  40  5:33  SCV, Marine  
  42  5:40  Marine x2  
  42  5:41  Marauder  
  44  5:51  Marauder  
  43  5:58  Marine x2  
  44  6:01  Marine  
Show
View Real Time Build Order
Export as new Build Order

MaxPax Protoss 

Build Orders: 1 Gate Expand, Oracle Opening, Phoenix Opening 

Get SALT Encoding   

  12  0:00  Probe  
  13  0:12  Probe  
  14  0:17  Pylon  
  14  0:24  Probe (Chrono Boost)  
  15  0:36  Probe (Chrono Boost)  
  15  0:37  Gateway  
  16  0:45  Probe (Chrono Boost), Assimilator  
  17  0:51  Probe  
  18  1:03  Probe  
  19  1:15  Probe  
  20  1:24  Cybernetics Core  
  20  1:31  Probe  
  21  1:34  Nexus  
  21  1:43  Pylon  
  21  1:44  Probe  
  22  1:50  Assimilator  
  22  1:56  Probe  
  22  1:58  Stalker (Chrono Boost)  
  25  2:08  Probe (Chrono Boost)  
  26  2:19  Probe (Chrono Boost)  
  27  2:24  Probe (Chrono Boost)  
  27  2:26  Stargate  
  28  2:34  Shield Battery, Probe  
  28  2:36  Stalker  
  31  2:47  Probe (Chrono Boost)  
  31  2:49  Warp Gate (Chrono Boost)  
  31  2:50  Probe (Chrono Boost)  
  32  2:58  Probe (Chrono Boost)  
  33  3:01  Probe (Chrono Boost)  
  33  3:03  Probe (Chrono Boost)  
  35  3:09  Oracle (Chrono Boost)  
  35  3:10  Probe  
  39  3:13  Probe  
  40  3:20  Gateway  
  40  3:23  Probe  
  40  3:25  Probe  
  42  3:30  Gateway  
  42  3:35  Probe  
  42  3:36  Pylon  
  42  3:37  Probe  
  42  3:39  Phoenix  
  46  3:54  Probe x2  
  48  3:59  Nexus  
  48  4:02  Pylon  
  48  4:06  Probe  
  49  4:14  Oracle  
  49  4:15  Pylon  
  52  4:20  Gateway  
  51  4:30  Shield Battery  
  51  4:35  Stalker x2  
  51  4:36  Zealot  
  57  4:44  Pylon  
  49  4:56  Zealot  
  49  4:59  Zealot  
  43  5:05  Probe x2  
  48  5:10  Pylon  
  38  5:15  Pylon  
  38  5:17  Probe  
  38  5:21  Pylon  
  28  5:27  Pylon  
  21  5:38  Zealot  
  9  5:59  Probe  
  9  6:00  Probe  
Tags
 
Add a new tag
Caveats
  • Supply blocks, unpowered buildings, or Contaminate may cause inaccurate times.
  • Supply counts are checked every 10 seconds.